 Dungeon Crawl Stone Soup version 0.27-a0-279-gdfb9265905 (webtiles) character file.

Game seed: 3717393336659600551

339 puppykicker the Chopper (level 6, 0/55 HPs)
             Began as a Palentonga Abyssal Knight on Feb 8, 2021.
             Was a Priest of Lugonu.
             Slain by an ogre
             ... wielding a +0 giant club
              (18 damage)
             ... on level 4 of the Dungeon.
             The game lasted 00:10:07 (3325 turns).

puppykicker the Chopper (Palentonga Abyssal Knight) Turns: 3325, Time: 00:10:08

Health: 0/55       AC:  6    Str: 17    XL:     6   Next: 29%
Magic:  7/7        EV:  8    Int: 12    God:    Lugonu [***...]
Gold:   155        SH:  0    Dex: 10    Spells: 5/5 levels left

rFire    . . .     SeeInvis +   a - +0 war axe
rCold    . . .     Faith    +   (no shield)
rNeg     + . .     Spirit   .   q - +0 scale mail
rPois    .         Reflect  .   (no helmet)
rElec    .         Harm     .   (no cloak)
rCorr    .         Rampage  .   (no gloves)
Will     .....                  (no barding)
Stlth    ..........             f - amulet of faith {Faith, !P}
HPRegen  0.18/turn              N - ring of positive energy {rN+}
MPRegen  0.10/turn              (no ring)

@: no status effects
A: large, rugged brown scales 3, see invisible, deformed body, roll 1, armoured
tail
a: Rolling Charge, Renounce Religion, Depart the Abyss, Bend Space, Banish


You were on level 4 of the Dungeon.
You worshipped Lugonu.
Lugonu was most pleased with you.
You visited 1 branch of the dungeon, and saw 4 of its levels.
You visited the Abyss 1 time.

You collected 155 gold pieces.

Inventory:

Hand Weapons
 a - a +0 war axe (weapon)
Missiles
 e - 5 boomerangs (quivered)
 t - 5 poisoned darts
 u - 30 bolts
 Q - 17 arrows
Armour
 q - a +0 scale mail (worn)
 s - a +2 tower shield
Jewellery
 f - an amulet of faith (around neck) {Faith, !P}
 N - a ring of positive energy (left hand) {rN+}
Wands
 r - a wand of flame (24)
Scrolls
 c - a scroll of fog {unknown}
 h - a scroll of magic mapping {!r}
 j - a scroll of teleportation {unknown}
 l - a scroll of amnesia
 m - a scroll of enchant weapon {unknown}
 n - 2 scrolls of remove curse
 o - a scroll of noise {unknown}
Potions
 b - a potion of attraction {unknown}
 d - 2 potions of flight
 g - a potion of brilliance
 i - a potion of ambrosia {unknown}
 k - a potion of resistance
 p - a potion of degeneration {unknown}
 v - a potion of heal wounds


   Skills:
 + Level 4.1 Fighting
 * Level 4.3 Axes
 + Level 2.7 Armour
 + Level 2.2 Dodging
 + Level 2.5 Invocations


You had 5 spell levels left.
You didn't know any spells.
Your spell library was empty.

Dungeon Overview and Level Annotations

Branches:
Dungeon (4/15)
 Temple: D:4-7

Altars:
Uskayaw
The Shining One


Innate Abilities, Weirdness & Mutations

You are completely covered in rugged brown scales. (AC +3, +7% HP)
You have supernaturally acute eyesight. (SInv)
Armour fits poorly on your strangely shaped body.
You can roll at nearby foes to attack.
You have a long armoured tail.


Message History

You hit the ogre.
The ogre hits you with a +0 giant club!!
* * * LOW HITPOINT WARNING * * *
You take 18 damage, and have 12/55 hp.
MASSIVE DAMAGE!!
You are too injured to fight recklessly!
You are too injured to fight recklessly!
You are too injured to fight recklessly!
Okay, then.
It was a potion of heal wounds.
You feel much better. The ogre hits you with a +0 giant club!
* * * LOW HITPOINT WARNING * * *
You regained 6 hp, and now have 18/55 hp.
You are too injured to fight recklessly!
You are too injured to fight recklessly!
You completely miss the ogre. You tail-slap the ogre.
The ogre closely misses you.
You hit the ogre. You tail-slap the ogre.
The ogre hits you with a +0 giant club!!
You die...

#.................#.....
#.................#.....
#...........##'####...).
#......##...#...........
##......##...#...........
.............#...........
........######......<....
##......#......>.......
#......@.....#'####...
########O....#.. ...
.....# .....# .....#
##'### .. ...


You could see an ogre.

Levels and vault maps discovered:
D:1:      dpeg_arrival_renting, layout_basic
D:2:      layout_loops_ring, lemuel_crystal_altar, minivault_25, minmay_unequal
D:3:      layout_rooms, marbit_many_paths, chequers_ecumenical_altar_simple,
          kennysheep_path_1, minmay_misc_feat_nine_boxes
D:4:      minmay_inner_zag, layout_gridville, uniq_duvessa

Notes
Turn   | Place    | Note
-------+----------+-------------------------------------------
     0 | Abyss:1  | puppykicker the Palentonga Abyssal Knight began the quest
                  | for the Orb.
     0 | Abyss:1  | Reached XP level 1. HP: 20/20 MP: 2/2
   200 | D:1      | Escaped the Abyss
   324 | D:1      | Identified a +0 club
   334 | D:1      | Reached skill level 1 in Dodging
   336 | D:1      | Reached XP level 2. HP: 15/27 MP: 3/3
   496 | D:1      | Identified an uncursed amulet of faith (You found it on
                  | level 1 of the Dungeon)
   566 | D:1      | Identified a +0 club
   567 | D:1      | Identified a +0 club
   567 | D:1      | Identified a +0 club
   586 | D:1      | Reached XP level 3. HP: 10/33 MP: 4/4
   876 | D:1      | Identified a +0 dagger
  1040 | D:2      | Identified a +0 club
  1044 | D:2      | Reached ** piety under Lugonu
  1092 | D:2      | Identified a +0 leather armour
  1098 | D:2      | Reached skill level 2 in Armour
  1110 | D:2      | Reached skill level 3 in Axes
  1368 | D:2      | Found a hide-covered altar of Uskayaw.
  1387 | D:2      | Identified a +0 dagger
  1405 | D:2      | Identified a +0 club
  1410 | D:2      | Identified a +0 whip
  1474 | D:2      | Identified a +0 war axe (You found it on level 2 of the
                  | Dungeon)
  1571 | D:2      | Identified a +0 club
  1580 | D:2      | Reached XP level 4. HP: 37/40 MP: 5/5
  1683 | D:2      | Identified 2 scrolls of remove curse
  1684 | D:2      | Identified 2 scrolls of identify
  1684 | D:2      | Identified a potion of flight
  1685 | D:2      | Identified a potion of resistance
  1686 | D:2      | Identified a ring of positive energy (You found it on level
                  | 2 of the Dungeon)
  1744 | D:2      | Identified a potion of brilliance
  1745 | D:2      | Identified 2 scrolls of amnesia
  1911 | D:3      | Identified a +0 club
  1912 | D:3      | Identified a +0 short sword of venom
  1913 | D:3      | Identified a +0 club
  1913 | D:3      | Identified a +0 scale mail
  1914 | D:3      | Identified a +0 flail
  1914 | D:3      | Identified a +0 leather armour
  1914 | D:3      | Identified a +0 scale mail
  1947 | D:3      | Identified a potion of might
  2026 | D:3      | Reached *** piety under Lugonu
  2166 | D:3      | Identified a +0 club
  2247 | D:3      | Found a faded altar of an unknown god.
  2276 | D:3      | Identified a +0 dagger
  2276 | D:3      | Identified a cursed -1 mace
  2276 | D:3      | Identified a +0 dagger
  2276 | D:3      | Identified a +0 robe
  2277 | D:3      | Identified a +0 mace
  2277 | D:3      | Identified a +0 hand axe
  2291 | D:3      | HP: 8/40 [orc wizard/magic dart (3)]
  2337 | D:3      | Identified a +0 whip
  2337 | D:3      | Identified a +0 leather armour
  2337 | D:3      | Identified a +0 hand axe
  2338 | D:3      | Identified a +0 club
  2362 | D:3      | Identified 2 scrolls of magic mapping
  2366 | D:3      | HP: 10/42 [orc/+0 hand axe (1)]
  2373 | D:2      | Reached XP level 5. HP: 11/49 MP: 6/6
  2774 | D:3      | Identified a +0 club
  2883 | D:3      | Identified a +0 club
  2899 | D:3      | Identified a +1 dagger of draining
  2903 | D:3      | Found a glowing golden altar of the Shining One.
  2996 | D:3      | Identified a +0 whip
  2996 | D:3      | Identified a +0 falchion
  2996 | D:3      | Identified a +0 leather armour
  2996 | D:3      | Identified a +0 dagger
  2996 | D:3      | Identified a +0 robe
  3016 | D:3      | Reached skill level 2 in Dodging
  3179 | D:4      | Identified a +0 giant spiked club
  3179 | D:4      | Noticed an ogre
  3181 | D:4      | Identified a +0 short sword
  3183 | D:4      | Killed an ogre
  3184 | D:4      | Reached skill level 4 in Fighting
  3184 | D:4      | Reached skill level 4 in Axes
  3184 | D:4      | Reached XP level 6. HP: 54/55 MP: 7/7
  3184 | D:4      | Identified a +0 dagger
  3184 | D:4      | Identified a +0 robe
  3317 | D:4      | Identified a +0 giant club
  3322 | D:4      | HP: 12/55 [ogre/+0 giant club (19)]
  3323 | D:4      | Identified 2 potions of heal wounds
  3325 | D:4      | Slain by an ogre

Table legend: (Time is in decaauts)
 A = Elapsed time spent in this place.
 B = Non-inter-level travel time spent in this place.
 C = Inter-level travel time spent in this place.
 D = Time resting spent in this place.
 E = Time spent auto-exploring this place.
 F = Levels seen in this place.
 G = Mean time per level.
                   A        B        C        D        E       F      G
               +--------+--------+--------+--------+--------+-----+--------+
         Total |   3374 |   3267 |    107 |   1057 |   1603 |   5 |  674.8 |
       Dungeon |   3174 |   3067 |    107 |   1057 |   1412 |   4 |  793.5 |
         Abyss |    200 |    200 |      0 |      0 |    191 |   1 |  200.0 |
               +--------+--------+--------+--------+--------+-----+--------+

Top non-repeatable levels by time:
     D:2: 1118 daAuts
     D:3: 1046 daAuts
     D:1: 850 daAuts
 Abyss:1: 200 daAuts
     D:4: 158 daAuts

Table legend:
 A = Kills in this place as a percentage of kills in entire the game.
 B = Kills by you in this place as a percentage of kills by you in the entire game.
 C = Kills by friends in this place as a percentage of kills by friends in the entire game.
 D = Other kills in this place as a percentage of other kills in the entire game.
 E = Experience gained in this place as a percentage of experience gained in the entire game.
 F = Experience gained in this place divided by the number of levels of this place that you have seen.
                   A       B       C       D       E      F
               +-------+-------+-------+-------+-------+----------------------
         Total | 100.0 | 100.0 |   N/A |   N/A | 100.0 |  97.0
       Dungeon | 100.0 | 100.0 |   N/A |   N/A | 100.0 | 121.2
               +-------+-------+-------+-------+-------+----------------------

Skill      XL: |  1  2  3  4  5 |
---------------+----------------+-----
Dodging        | 1 2 |  2.2
Armour         | 2 |  2.7
Axes           | 3 4 |  4.3
Fighting       | 4 |  4.1
Invocations    | |  2.5

Action                   |  1- 3 |  4- 6 || total
-------------------------+-------+-------++-------
Melee: Hand axe          |   131 |       ||   131
       Tailslap          |    11 |    11 ||    22
       War axe           |     7 |    85 ||    92
 Abil: Rolling Charge    |    20 |    17 ||    37
  Use: Scroll            |       |     7 ||     7
       Potion            |       |     2 ||     2
Armor: Leather armour    |    54 |     3 ||    57
       Scale mail        |       |    27 ||    27
Dodge: Dodged            |    72 |    33 ||   105

Vanquished Creatures
  An ogre (D:4)
  2 orc priests
  3 orc wizards
  2 adders
  3 oozes
  A dart slug (D:1)
  A leopard gecko (D:1)
  13 orcs
  5 bats
  2 giant cockroaches (D:1)
  10 goblins
  9 hobgoblins
  3 jackals (D:2)
  8 kobolds
  3 quokkas
  2 ball pythons (D:2)
  3 frilled lizards
  9 rats
80 creatures vanquished.
